 Dungeon Crawl Stone Soup version 0.31-a0-1074-g0b22e4e0f1 (webtiles) character file.

Game seed: 14865426744754972369

385 grandjackal the Vexing (level 6, 0/41 HPs)
             Began as a Vampire Enchanter on Dec 2, 2023.
             Slain by an orc
             ... wielding a +0 trident
              (8 damage)
             ... on level 4 of the Dungeon.
             The game lasted 00:06:25 (3123 turns).

grandjackal the Vexing (Vampire Enchanter)          Turns: 3123, Time: 00:06:26

Health: 0/41       AC:  3    Str:  7    XL:     6   Next: 48%
Magic:  2/9        EV: 12    Int: 20    God:
Gold:   163        SH:  0    Dex: 14    Spells: 1/9 levels left

rFire   . . .        a - +1 dagger
rCold   . . .        (no shield)
rNeg    . . .        b - +0 robe
rPois   +            m - +0 helmet
rElec   .            (no cloak)
rCorr   .            (no gloves)
SInv    +            (no boots)
Will    .....        (no amulet)
Stlth   +++          o - ring of poison resistance
HPRegen 0.46/turn    (no ring)
MPRegen 0.11/turn

%: no passive effects
@: healing quickly
A: alive, fangs 3, see invisible, vampiric 2
a: Exsanguinate


You were on level 4 of the Dungeon.
You visited 1 branch of the dungeon, and saw 4 of its levels.

You collected 163 gold pieces.

Inventory:

Hand Weapons
 a - a +1 dagger (weapon)
 h - a +0 short sword of venom
 r - the +11 trident of the Forsaken Yaks {heavy, +Blink Will++}
   (You found it on level 4 of the Dungeon)

   Will++:    It greatly increases your willpower.
   +Blink:    It lets you blink.
Armour
 b - a +0 robe (worn)
 m - a +0 helmet (worn)
Jewellery
 o - a ring of poison resistance (left hand)
Wands
 q - a wand of paralysis (9)
Scrolls
 d - 3 scrolls of identify {unknown}
 f - 2 scrolls of teleportation {unknown}
 g - 2 scrolls of fog {unknown}
 i - a scroll of enchant armour {unknown}
 l - 2 scrolls of blinking {unknown}
 s - a scroll of noise {unknown}
Potions
 c - 2 potions of invisibility
 e - 2 potions of berserk rage {unknown}
 j - 2 potions of mutation {unknown}
 k - 2 potions of curing {unknown}
 n - a potion of attraction {unknown}
 p - a potion of ambrosia {unknown}
 t - a potion of resistance {unknown}


   Skills:
 + Level 4.3 Short Blades
 - Level 2.1 Dodging
 - Level 5.0 Stealth
 - Level 2.0 Spellcasting
 + Level 7.0 Hexes
 + Level 3.2 Ice Magic


You had one spell level left.
You knew the following spells:

 Your Spells              Type           Power      Damage    Failure   Level
a - Ensorcelled Hibernat  Hex/Ice        44%        N/A       3%          2
b - Confusing Touch       Hex            30%        N/A       2%          3
c - Tukima's Dance        Hex            30%        N/A       2%          3

Your spell library contained the following spells:

 Spells                   Type           Power      Damage    Failure   Level
 Dazzling Flash           Conj/Hex       32%        N/A       11%         3
 Frozen Ramparts          Ice            28%        1d5       13%         3
 Metabolic Englaciation   Hex/Ice        11%        N/A       47%         5
 Petrify                  Tmut/Erth      2%         N/A       83%         4


Dungeon Overview and Level Annotations

Branches:
Dungeon (4/15)
 Temple: D:4-7

Altars:


Innate Abilities, Weirdness & Mutations

Your natural rate of healing is accelerated.
You have razor-sharp teeth.
You have supernaturally acute eyesight. (SInv)
You are afflicted with vampirism and can become a bat while bloodless.


Message History

The orc attacks as it pursues you! The orc closely misses you.
The orc attacks as it pursues you! The orc hits you with a +0 mace.
Casting: Ensorcelled Hibernation (safe; 3% risk of failure)
Confirm with . or Enter, or press ? or * to list all spells.
Aiming: Ensorcelled Hibernation (safe; 3% risk of failure)
Press: ? - help, Shift-Dir - straight line, f/p - orc
Aim: an orc, wielding a +0 flail (chance to affect: 71%)
The orc looks drowsy...
Unknown command.
The helpless orc fails to defend itself.
You impale the orc!!
You kill the orc!
The orc hits you from afar with a +0 trident.
Things that are here:
a +0 mace; a +0 chain mail
Casting: Ensorcelled Hibernation (safe; 3% risk of failure)
Confirm with . or Enter, or press ? or * to list all spells.
Aiming: Ensorcelled Hibernation (safe; 3% risk of failure)
Press: ? - help, Shift-Dir - straight line, f/p - orc
Aim: an orc, wielding a +0 flail (chance to affect: 71%)
The orc struggles to resist.
The orc closely misses you.
Unknown command.
Casting: Ensorcelled Hibernation (safe; 3% risk of failure)
Confirm with . or Enter, or press ? or * to list all spells.
Aiming: Ensorcelled Hibernation (safe; 3% risk of failure)
Press: ? - help, Shift-Dir - straight line, f - orc, p - orc
Aim: an orc, wielding a +0 trident and wearing a +0 ring mail (chance to affect: 71%)
The orc struggles to resist.
The orc hits you with a +0 flail. The orc hits you with a +0 trident!
* * * LOW HITPOINT WARNING * * *
The orc closely misses you.
You see here a +0 dagger.
The orc attacks as it pursues you! The orc closely misses you.
The orc attacks as it pursues you! The orc closely misses you.
The orc attacks as it pursues you! The orc closely misses you.
The orc attacks as it pursues you! The orc hits you with a +0 flail.
* * * LOW HITPOINT WARNING * * *
The orc attacks as it pursues you!
The orc hits you from afar with a +0 trident!
You die...

#### ###
#####..########.#
#........<.....##
##...........####
#........@.###
##.........##
#.......oo##
##........#
###..###o## ####
#o.# #.o##
##...###
#..#...##


You could see 4 orcs.

Vanquished Creatures
  Pargi (D:3)
  A jelly (D:4)
  An orc priest (D:3)
  An iguana (D:3)
  Terence (D:3)
  Robin (D:3)
  4 adders
  2 worms
  A dart slug (D:3)
  8 orcs
  22 endoplasms
  6 giant cockroaches
  11 goblins
  5 hobgoblins
  11 jackals
  A quokka (D:2)
  8 ball pythons
  6 bats
  8 frilled lizards
  7 kobolds
  8 rats
114 creatures vanquished.

Notes
Turn   | Place    | Note
-------+----------+-------------------------------------------
     0 | D:1      | grandjackal the Vampire Enchanter began the quest for the
                  | Orb.
     0 | D:1      | Reached XP level 1. HP: 13/13 MP: 3/3
     1 | D:1      | Found a runed translucent door.
   136 | D:1      | Reached XP level 2. HP: 19/19 MP: 5/5
   363 | D:1      | Reached skill level 5 in Stealth
   386 | D:1      | Reached skill level 5 in Hexes
   438 | D:1      | Learned a level 2 spell: Ensorcelled Hibernation
   625 | D:1      | Gained mutation: You are afflicted with vampirism and can
                  | become a bat while bloodless. [Vampire growth]
   625 | D:1      | Reached XP level 3. HP: 23/24 MP: 6/6
   986 | D:1      | Reached skill level 1 in Ice Magic
  1073 | D:2      | Reached XP level 4. HP: 30/30 MP: 0/7
  1143 | D:2      | Learned a level 3 spell: Confusing Touch
  1579 | D:3      | Noticed Terence
  1628 | D:3      | Killed Terence
  1760 | D:3      | Noticed Robin
  1854 | D:3      | Killed Robin
  1855 | D:3      | Reached skill level 6 in Hexes
  1855 | D:3      | Reached XP level 5. HP: 35/35 MP: 5/8
  1906 | D:3      | Learned a level 3 spell: Tukima's Dance
  2047 | D:3      | Noticed Pargi
  2068 | D:3      | Killed Pargi
  2135 | D:3      | Found a faded altar of an unknown god.
  2434 | D:3      | Reached XP level 6. HP: 21/41 MP: 2/9
  2790 | D:4      | Identified the +11 trident of the Forsaken Yaks {heavy,
                  | +Blink Will++}
  2932 | D:4      | Reached skill level 7 in Hexes
  2988 | D:4      | Identified the +1 whip "Myoxkiy" {antimagic, Fragile rElec
                  | Str+4}
  3123 | D:4      | Slain by an orc

Illustrated notes

Levels and vault maps discovered:
D:1:      dpeg_arrival_caged_fury, layout_loops_ring, minmay_small_reverse_x
D:2:      layout_basic
D:3:      layout_loops_corners, shapermc_ecumenical_altar_mp_highgroup,
          uniq_robin, uniq_pargi, uniq_terence
D:4:      layout_cave_pods, minmay_three_crescents

Skill      XL: |  1  2  3  4  5  6 |
---------------+-------------------+-----
Stealth        | 5 |  5.0
Short Blades   | 2 3 4 |  4.3
Hexes          | 5 6 7 |  7.0
Ice Magic      | 1 2 3 |  3.2
Dodging        | |  2.1
Spellcasting   | |  2.0

Action                     |  1- 3 |  4- 6 || total
---------------------------+-------+-------++-------
  Melee: Dagger            |   168 |   162 ||   330
         Bite              |    21 |    12 ||    33
         Punch             |       |     2 ||     2
   Cast: Ensorcelled Hiber |     6 |    18 ||    24
         Confusing Touch   |       |     1 ||     1
   Stab: Sleeping          |    15 |    23 ||    38
         Confused          |       |     1 ||     1
         Distracted        |       |     1 ||     1
 Armour: Robe              |    60 |   106 ||   166
  Dodge: Dodged            |    85 |   102 ||   187

Table legend: (Time is in decaauts)
 A = Elapsed time spent in this place.
 B = Non-inter-level travel time spent in this place.
 C = Inter-level travel time spent in this place.
 D = Time resting spent in this place.
 E = Time spent auto-exploring this place.
 F = Levels seen in this place.
 G = Mean time per level.
                   A        B        C        D        E       F      G
               +--------+--------+--------+--------+--------+-----+--------+
         Total |   3075 |   3015 |     60 |    456 |   1712 |   4 |  768.8 |
       Dungeon |   3075 |   3015 |     60 |    456 |   1712 |   4 |  768.8 |
               +--------+--------+--------+--------+--------+-----+--------+

Top non-repeatable levels by time:
     D:3: 1133 daAuts
     D:1: 1037 daAuts
     D:2: 543 daAuts
     D:4: 360 daAuts
